 Dungeon Crawl Stone Soup version 0.23.2-30-g0e89c35649 (webtiles) character file.

Game seed: 10804778828021296205

170 doot the Gusty (level 5, -8/28 HPs)
             Began as a Tengu Air Elementalist on June 24, 2019.
             Mangled by a centaur (9 damage)
             ... on level 5 of the Dungeon.
             The game lasted 00:05:42 (2520 turns).

doot the Gusty (Tengu Air Elementalist)             Turns: 2520, Time: 00:05:42

Health: -8/28      AC:  2    Str:  8    XL:     5   Next: 51%
Magic:  6/10       EV: 13    Int: 16    God:
Gold:   39         SH:  0    Dex: 15    Spells: 0/10 levels left

rFire    . . .     SeeInvis .   m - +3 dagger (venom)
rCold    . . .     Gourm    .   (no shield)
rNeg     . . .     Faith    .   a - +0 robe
rPois    .         Spirit   .   (helmet restricted)
rElec    .         Reflect  .   (no cloak)
rCorr    .         Harm     .   (no gloves)
MR       .....                  (boots unavailable)
Stlth    ++........             (no amulet)
HPRegen  0.09/turn              f - ring of flight
MPRegen  0.12/turn              (no ring)

@: no status effects
A: beak, talons 3, able to fly
a: Fly, Evoke Flight


You were on level 5 of the Dungeon.
You were not hungry.

You visited 1 branch of the dungeon, and saw 5 of its levels.

You collected 39 gold pieces.

Inventory:

Hand Weapons
 b - a +0 whip
 m - a +3 dagger of venom (weapon)
Armour
 a - a +0 robe (worn)
Jewellery
 f - a ring of flight (left hand)
Wands
 l - a wand of enslavement (4)
Scrolls
 d - 4 scrolls of enchant armour {unknown}
 i - 2 scrolls of amnesia {unknown}
 k - 2 scrolls of identify {unknown}
 p - a scroll of remove curse {unknown}
Potions
 e - a potion of lignification {unknown}
 g - a potion of cancellation {unknown}
 h - a potion of brilliance {unknown}
 j - a potion of magic {unknown}
 o - a potion of curing {unknown}
 q - a potion of might {unknown}
Comestibles
 c - 2 rations
 n - 6 chunks of flesh


   Skills:
 + Level 2.4 Dodging
 + Level 2.5 Stealth
 + Level 3.2 Spellcasting
 + Level 3.3 Conjurations
 + Level 5.1 Air Magic
 + Level 1.4 Evocations


You couldn't memorise any spells.
You knew the following spells:

 Your Spells              Type           Power        Failure   Level  Hunger
a - Shock                 Conj/Air       ###.         3%          1    None
b - Swiftness             Chrm/Air       ##......     10%         2    ##.....
c - Static Discharge      Conj/Air       ###.....     10%         3    ###....
d - Airstrike             Air            ###.......   22%         4    ####...

Your spell library contained the following spells:

 Spells                   Type           Power        Failure   Level  Hunger
 Lightning Bolt           Conj/Air       ###.......   65%         5    ######.


Dungeon Overview and Level Annotations

Branches:
Dungeon (5/15)
 Temple: D:4-7

Altars:

Annotations:
D:4 Dowan


Innate Abilities, Weirdness & Mutations

You have a beak for a mouth.
You have claws for feet.
You can fly continuously.


Message History

The centaur hits you!
You hit the centaur.
The centaur looks as sick as possible!
The centaur is moderately wounded.
The centaur hits you.
* * * LOW HITPOINT WARNING * * *
The centaur hits you.
* * * LOW HITPOINT WARNING * * *
Unknown command.
Casting: Shock (safe; 3% risk of failure)
Confirm with . or Enter, or press ? or * to list all spells.
Okay, then.
Casting: Shock (safe; 3% risk of failure)
Confirm with . or Enter, or press ? or * to list all spells.
Aiming: Airstrike (slightly dangerous; 22% risk of failure)
Press: ? - help, Dir - move target cursor, f - centaur
Aim: a centaur (heavily wounded, poisoned)
The air twists around and strikes the centaur!
The centaur is severely wounded.
The centaur hits you!
You die...

#.... ......#
#....#......#
#....+......#
#...Z#......#
#....#......#
#...$#......#
#....#......#
+...c@......#
#....#..>...#
#....#......#
#..?.#.....(#
#....#......#
$.....#.รท....#
###....#......#
#....#......#
#......#


You could see a centaur and a bullfrog zombie.

Vanquished Creatures
  A scorpion (D:4)
  Ijyb (D:4)
  A worker ant (D:3)
  2 adders (D:3)
  A howler monkey skeleton (D:4)
  3 worms
  A dart slug (D:2)
  4 giant cockroaches
  A goblin (D:3)
  5 hobgoblins
  4 jackals (D:5)
  2 quokkas
  A ball python (D:1)
  3 bats
  2 frilled lizards
  4 kobolds
  2 rats
38 creatures vanquished.

Notes
Turn   | Place    | Note
-------+----------+-------------------------------------------
     0 | D:1      | doot the Tengu Air Elementalist began the quest for the
                  | Orb.
     0 | D:1      | Reached XP level 1. HP: 10/10 MP: 4/4
   121 | D:1      | Reached XP level 2. HP: 8/15 MP: 0/6
   911 | D:3      | Reached XP level 3. HP: 17/19 MP: 1/7
   915 | D:3      | Learned a level 2 spell: Swiftness
   919 | D:3      | Learned a level 3 spell: Static Discharge
  1615 | D:3      | Reached XP level 4. HP: 24/24 MP: 3/9
  2023 | D:4      | Noticed Ijyb
  2030 | D:4      | Killed Ijyb
  2030 | D:4      | Reached skill level 1 in Evocations
  2193 | D:4      | Noticed Dowan
  2347 | D:4      | Reached skill level 5 in Air Magic
  2347 | D:4      | Gained mutation: You can fly continuously. [Tengu growth]
  2347 | D:4      | Reached XP level 5. HP: 27/28 MP: 10/10
  2409 | D:5      | Entered Level 5 of the Dungeon
  2455 | D:5      | Learned a level 4 spell: Airstrike
  2513 | D:5      | Noticed a centaur
  2519 | D:5      | HP: 1/28 [centaur (5)]
  2520 | D:5      | Mangled by a centaur

Skill      XL: |  1  2  3  4 |
---------------+-------------+-----
Conjurations   | 2 3 |  3.3
Evocations     | 1 |  1.4
Spellcasting   | 3 |  3.2
Air Magic      | 5 |  5.1
Dodging        | |  2.4
Stealth        | |  2.5

Action                   |  1- 3 |  4- 6 || total
-------------------------+-------+-------++-------
Melee: Whip              |    48 |       ||    48
       Kick              |    16 |     3 ||    19
       Peck              |    11 |       ||    11
       Dagger            |       |     7 ||     7
 Cast: Shock             |    66 |    25 ||    91
       Static Discharge  |       |     4 ||     4
       Airstrike         |       |     1 ||     1
 Abil: Evoke Flight      |     1 |     1 ||     2
  Eat: Chunk             |     2 |     2 ||     4
       Ration            |       |     1 ||     1
Armor: Robe              |    16 |       ||    16
Dodge: Dodged            |    35 |     9 ||    44
